 Dungeon Crawl Stone Soup version 0.31-a0-210-gccc998df9b (webtiles) character file.

Game seed: 6243781016225280542

61 qw the Shooter (level 3, -1/29 HPs)
             Began as a Minotaur Hexslinger on June 29, 2023.
             Slain by an adder (2 damage)
             ... on level 3 of the Dungeon.
             The game lasted 00:00:36 (1431 turns).

qw the Shooter (Minotaur Hexslinger)                Turns: 1431, Time: 00:00:36

Health: -1/29      AC:  7    Str: 12    XL:     3   Next: 83%
Magic:  3/3        EV: 11    Int: 10    God:
Gold:   53         SH:  0    Dex: 14    Spells: 3/4 levels left

rFire   . . .        Y - +1 sling
rCold   . . .        (no shield)
rNeg    . . .        h - +0 ring mail
rPois   .            (helmet restricted)
rElec   .            g - +0 cloak
rCorr   .            (no gloves)
SInv    .            a - +0 pair of boots
Will    .....        (no amulet)
Stlth   +            (no ring)
HPRegen 0.24/turn    (no ring)
MPRegen 0.08/turn

%: no passive effects
@: lethally poisoned (-1 -> -2)
A: horns 2, retaliatory headbutt
a: no special abilities


You were on level 3 of the Dungeon.
You visited 1 branch of the dungeon, and saw 3 of its levels.

You collected 53 gold pieces.


Innate Abilities, Weirdness & Mutations

You have a pair of horns on your head.
You reflexively headbutt those who attack you in melee.


   Skills:
 - Level 2.0 Fighting
 + Level 4.1 Ranged Weapons
 - Level 1.2 Armour
 - Level 2.1 Dodging
 - Level 1.0 Spellcasting
 - Level 2.0 Hexes


You had 3 spell levels left.
You knew the following spells:

 Your Spells              Type           Power      Damage    Failure   Level
a - Slow                  Hex            16%        N/A       34%         1

Your spell library contained the following spells:

 Spells                   Type           Power      Damage    Failure   Level
 Inner Flame              Hex/Fire       2%         N/A       83%         3
 Portal Projectile        Hex/Tloc       4%         N/A       83%         3
 Cause Fear               Hex            2%         N/A       98%         4

Inventory:

Hand Weapons
 Y - a +1 sling (weapon)
Armour
 a - a +0 pair of boots (worn)
 g - a +0 cloak (worn)
 h - a +0 ring mail (worn)
Scrolls
 j - a scroll of identify
Potions
 d - a potion of might
 e - a potion of lignification {unknown}
 f - a potion of invisibility {unknown}
 k - a potion of heal wounds {unknown}

Dungeon Overview and Level Annotations

Branches:
Dungeon (3/15)

Altars:
Fedhas


Message History

You kill the ball python!
You shoot a sling bullet. The sling bullet misses the adder.
You feel sick. The bat barely misses you. You furiously retaliate!
You headbutt the bat. The adder bites you but does no damage.
The bat closely misses you. The adder bites you but does no damage.
You shoot a sling bullet. The sling bullet misses the bat.
You feel sick. The bat closely misses you. The adder bites you.
You are more poisoned.
The adder poisons you! The adder misses you.
You shoot a sling bullet. The sling bullet barely misses the bat.
You feel very sick. The bat hits you but does no damage. The adder bites you.
You are lethally poisoned!
The adder poisons you!
You shoot a sling bullet.
The sling bullet closely misses the adder.
You feel very sick. The bat barely misses you. The adder closely misses you.
The adder bites you but does no damage.
You shoot a sling bullet.
The sling bullet barely misses the adder.
You feel sick. The adder bites you but does no damage.
The bat hits you but does no damage. The adder closely misses you.
You shoot a sling bullet.
The sling bullet hits the adder but does no damage.
The adder is lightly wounded.
You feel very sick. The bat closely misses you. You furiously retaliate!
You headbutt the bat.
You kill the bat!
The adder misses you.
You shoot a sling bullet. The sling bullet hits the adder.
The adder is moderately wounded.
You feel sick.
The adder bites you but does no damage. x2
You shoot a sling bullet.
The sling bullet closely misses the adder.
You feel sick.
The adder bites you but does no damage. x2
You shoot a sling bullet.
The sling bullet closely misses the adder.
You feel sick. The adder bites you.
You die...

##. #.. #
#####.##
#####..#
#......#
###.@S..#
#......#
#..##.###
#..^...###.##
..#
#.........##
...#
#....<.####
....#
#......#
_...#
#......#
....#
########
...##


You could see an adder.

Vanquished Creatures
  An adder (D:2)
  A worm (D:2)
  12 ball pythons
  4 endoplasms
  A giant cockroach (D:1)
  5 goblins
  2 hobgoblins (D:1)
  2 jackals (D:1)
  3 quokkas
  6 bats
  A frilled lizard (D:1)
  3 kobolds (D:1)
  5 rats
46 creatures vanquished.

Notes
Turn   | Place    | Note
-------+----------+-------------------------------------------
     0 | D:1      | qw the Minotaur Hexslinger began the quest for the Orb.
     0 | D:1      | Reached XP level 1. HP: 16/16 MP: 1/1
     0 | D:1      | 0 ||| qw: Version: 0.3-a-24-ga2abf7b
     0 | D:1      | 0 ||| qw: Game counter: 6842
     0 | D:1      | 0 ||| qw: Melee chars always use a shield: true
     0 | D:1      | 0 ||| qw: God list: Okawaru
     0 | D:1      | 0 ||| qw: Allow faded altars: false
     0 | D:1      | 0 ||| qw: Do Orc after clearing Dungeon:15 true
     0 | D:1      | 0 ||| qw: Do second Lair branch before Depths: true
     0 | D:1      | 0 ||| qw: Lair rune preference: random
     0 | D:1      | 0 ||| qw: Goals: Normal
     0 | D:1      | 0 ||| PLANNING D:1-11
   110 | D:1      | Reached skill level 3 in Ranged Weapons
   120 | D:1      | Reached XP level 2. HP: 23/23 MP: 2/2
   519 | D:1      | Reached XP level 3. HP: 29/29 MP: 3/3
   603 | D:1      | 603 ||| UPGRADING to +0 cloak.
   608 | D:1      | 608 ||| UPGRADING to +0 ring mail.
   618 | D:1      | 618 ||| DROPPING +0 robe.
   619 | D:1      | 619 ||| READING scroll labelled BOUFAU WUGHOR.
   620 | D:1      | 620 ||| READING 2 scrolls labelled XUXEUN ERAWKA.
   621 | D:1      | 621 ||| READING scroll labelled PUBRUXKOGY.
   625 | D:1      | 625 ||| DROPPING scroll of poison.
   674 | D:2      | HP: 3/29 [worm (6)]
   889 | D:2      | Reached skill level 4 in Ranged Weapons
  1003 | D:2      | Reached skill level 1 in Armour
  1303 | D:2      | 1303 ||| UPGRADING to +0 pair of boots.
  1308 | D:2      | 1308 ||| READING scroll labelled PAUTIACOTZ.
  1309 | D:2      | 1309 ||| READING scroll labelled YCKUAC CIHELO.
  1310 | D:2      | 1310 ||| READING 2 scrolls of identify.
  1310 | D:2      | 1310 ||| IDENTIFYING white potion
  1416 | D:3      | Found a blossoming altar of Fedhas.
  1427 | D:3      | HP: 6/29 [poisoned by an adder]
  1430 | D:3      | HP: 2/29 [poisoned by an adder]
  1431 | D:3      | Slain by an adder

Levels and vault maps discovered:
D:1:      dpeg_arrival_ternary, layout_loops_ring
D:2:      layout_basic, grunt_ministairs_6, corexii_leaking_fountain
D:3:      layout_rooms, lemuel_round_altar, gammafunk_temple_overflow_elements,
          serial_shops, shop, shop, nicolae_shop_drivethru, nicolae_square_shop,
          nicolae_shop_temple_entry_statues_fountains, uniq_sigmund,
          uniq_grinder

Skill      XL: |  1  2  3 |
---------------+----------+-----
Ranged Weapons | 3 4 |  4.1
Fighting       | 2 |  2.0
Armour         | 1 |  1.2
Dodging        | |  2.1
Spellcasting   | |  1.0
Hexes          | |  2.0

Action                     || total
---------------------------++-------
   Fire: Sling             ||   142
    Use: Scroll            ||     6
 Armour: Robe              ||     1
         Ring mail         ||    24
  Dodge: Dodged            ||    45

Table legend:
 A = Non-vault XP
 B = Vault XP
 C = Vault XP percentage of total XP
 D = Non-vault monster count
 E = Vault monster count
 F = Vault count percentage of total count
                 A         B        C        D         E       F
            +---------+---------+-------+---------+---------+-------
      Total |      86 |       2 |   2.3 |      44 |       2 |   4.3
            +---------+---------+-------+---------+---------+-------
        D:1 |      43 |       0 |   0.0 |      27 |       0 |   0.0
        D:2 |      38 |       2 |   5.0 |      14 |       2 |  12.5
        D:3 |       5 |       0 |   0.0 |       3 |       0 |   0.0
            +---------+---------+-------+---------+---------+-------
